 Dungeon Crawl Stone Soup version 0.26.1-11-gd32895ea62 (webtiles) character file.

Game seed: 13681035749061647512

3080 Bergy the Basher (level 9, -3/51 HPs)
             Began as a Gargoyle Fighter on July 16, 2021.
             Was a Follower of Makhleb.
             Slain by Maggie
             ... wielding a +3 war axe of freezing
              (6 damage)
             ... on level 8 of the Dungeon.
             The game lasted 00:16:47 (6151 turns).

Bergy the Basher (Gargoyle Fighter)                 Turns: 6151, Time: 00:16:47

Health: -3/51      AC: 19    Str: 27    XL:     9   Next: 89%
Magic:  9/9        EV:  8    Int: 13    God:    Makhleb [*.....]
Gold:   437        SH: 10    Dex: 11    Spells: 8/8 levels left

rFire    . . .     SeeInvis .   a - +0 flail
rCold    + + +     Faith    .   c - +0 kite shield
rNeg     + . .     Spirit   .   q - +1 robe "Quvedonn" {-Cast rC+++ Slay+4}
rPois    ∞         Reflect  .   h - +0 helmet
rElec    +         Harm     .   v - +0 cloak
rCorr    .         Rampage  .   w - +2 pair of gloves of Reason {Int+4}
Will     .....     NoCast   +   (no boots)
Stlth    +.........             (no amulet)
HPRegen  0.17/turn              o - +6 ring of strength
MPRegen  0.11/turn              g - +4 ring of protection

@: mesmerised
A: negative energy resistance 1, electricity resistance, unbreathing,
petrification resistance, miasma immunity, AC +6
a: Renounce Religion


You were on level 8 of the Dungeon.
You worshipped Makhleb.
Makhleb was aware of your devotion.
You visited 2 branches of the dungeon, and saw 9 of its levels.

You collected 437 gold pieces.

Inventory:

Hand Weapons
 a - a +0 flail (weapon)
Armour
 c - a +0 kite shield (worn)
 h - a +0 helmet (worn)
 q - the +1 robe "Quvedonn" (worn) {-Cast rC+++ Slay+4}
   (You found it on level 4 of the Dungeon)

   It affects your accuracy and damage with ranged weapons and melee attacks
   (+4).
   It renders you almost immune to cold.
   It prevents spellcasting.
 v - a +0 cloak (worn)
 w - the +2 pair of gloves of Reason (worn) {Int+4}
   (You found it on level 5 of the Dungeon)

   It affects your intelligence (+4).
 y - a +0 plate armour
Jewellery
 g - a +4 ring of protection (right hand)
 o - a +6 ring of strength (left hand)
 z - an uncursed ring of see invisible
Wands
 s - a wand of flame (34)
 x - a wand of disintegration (18)
Scrolls
 b - a scroll of silence {unknown}
 e - 2 scrolls of fear {unknown}
 i - 2 scrolls of magic mapping {unknown}
 j - 6 scrolls of remove curse
 k - a scroll of noise {unknown}
 m - 4 scrolls of teleportation
 n - 2 scrolls of enchant weapon {unknown}
 u - 4 scrolls of immolation {unknown}
Potions
 d - 2 potions of might
 f - 2 potions of lignification {unknown}
 l - 2 potions of magic
 p - a potion of degeneration {unknown}
 r - 3 potions of flight {unknown}
 t - a potion of invisibility {unknown}


   Skills:
 - Level 3.2 Fighting
 * Level 13.1 Maces & Flails
 - Level 3.2 Armour
 - Level 3.2 Shields


You had 8 spell levels left.
You didn't know any spells.
Your spell library was empty.

Dungeon Overview and Level Annotations

Branches:
Dungeon (8/15)             Temple (1/1) D:5
   Lair: D:8-11

Altars:
Ashenzari
Cheibriados
Dithmenos
Elyvilon
Fedhas
Gozag
Hepliaklqana
Kikubaaqudgha
Makhleb
Nemelex Xobeh
Okawaru
Qazlal
Ru
Sif Muna
Trog
Uskayaw
Vehumet
Wu Jian
Xom
Yredelemnul
Zin
The Shining One

Annotations:
D:8 Maggie


Innate Abilities, Weirdness & Mutations

You are resistant to torment.
Your stone body is resilient. (AC +6)
You are immune to poison.
You resist negative energy. (rN+)
You are resistant to electric shocks. (rElec)
You can survive without breathing.
You are immune to petrification.
You are immune to miasma.


Message History

You hit Maggie.
Maggie is heavily wounded.
Maggie gestures at you while chanting. The bolt of fire hits you!!
Ouch! That really hurt!
* * * LOW HITPOINT WARNING * * *
You feel better. You block Maggie's attack.
You hit Maggie.
Maggie is heavily wounded.
Maggie gestures at you while chanting. The bolt of fire hits you.
* * * LOW HITPOINT WARNING * * *
You hit Maggie.
Maggie is severely wounded.
Maggie hits you with a +3 war axe of freezing.
* * * LOW HITPOINT WARNING * * *
You closely miss Maggie.
Maggie is heavily wounded.
Maggie hits you with a +3 war axe of freezing.
You die...

#...# ...... ..........#
...... . ...........#
...... . .
............###....) ..
.#.##...#.....#..#...#...
.......[#....#....# .....
#.#........##.....#......
..##.............@.......
..#..>..........@##...(..
............##...# #.....
#..........###...# .....
##.........##....# ....
...........#....... ...
...................# ...
##...............###
#................#
#....[)..........#


You could see Maggie (mesmerising).

Vanquished Creatures
  Harold (D:8)
  Erica (D:7)
  An ice beast (D:6)
  A sky beast (D:7)
  2 centaurs
  3 ogres
  Blork the orc (D:4)
  4 bullfrogs
  4 killer bees (D:7)
  3 howler monkeys
  A bullfrog zombie (D:6)
  2 orc priests (D:8)
  A hound (D:4)
  2 jellies
  2 bullfrog skeletons
  An orc wizard (D:8)
  3 worker ants
  A hound skeleton (D:3)
  A worker ant zombie (D:6)
  11 adders
  An ooze (D:6)
  An adder skeleton (D:5)
  3 worms
  A dart slug (D:1)
  3 leopard geckos
  9 orcs
  2 giant cockroaches
  4 goblins
  11 hobgoblins
  3 jackals
  6 kobolds
  5 quokkas
  2 ball pythons
  11 bats
  3 frilled lizards
  A jackal skeleton (D:4)
  A jackal zombie (D:5)
  A leopard gecko skeleton (D:4)
  4 rats
118 creatures vanquished.

Notes
Turn   | Place    | Note
-------+----------+-------------------------------------------
     0 | D:1      | Bergy the Gargoyle Fighter began the quest for the Orb.
     0 | D:1      | Reached XP level 1. HP: 14/14 MP: 1/1
   107 | D:1      | Reached XP level 2. HP: 18/19 MP: 2/2
   229 | D:1      | Reached skill level 3 in Maces & Flails
   664 | D:1      | Reached XP level 3. HP: 23/23 MP: 3/3
  1081 | D:2      | Reached skill level 4 in Maces & Flails
  1266 | D:3      | Reached XP level 4. HP: 9/28 MP: 4/4
  1820 | D:3      | Reached skill level 5 in Maces & Flails
  1820 | D:3      | Reached XP level 5. HP: 29/32 MP: 5/5
  2016 | D:4      | Found a hazy altar of Hepliaklqana.
  2064 | D:4      | Got a heavy robe
  2065 | D:4      | Identified the +1 robe "Quvedonn" {-Cast rC+++ Slay+4} (You
                  | found it on level 4 of the Dungeon)
  2119 | D:4      | Found an iron altar of Okawaru.
  2312 | D:4      | Noticed an ogre
  2324 | D:4      | Killed an ogre
  2325 | D:4      | Reached skill level 6 in Maces & Flails
  2325 | D:4      | Reached XP level 6. HP: 12/37 MP: 6/6
  2560 | D:4      | Noticed Blork the orc
  2568 | D:4      | Killed Blork the orc
  2880 | D:5      | Entered Level 5 of the Dungeon
  2885 | D:5      | Found a shimmering altar of Xom.
  2955 | D:5      | Got a pair of ancient gloves
  2963 | D:5      | Identified the +2 pair of gloves of Reason {Int+4} (You
                  | found it on level 5 of the Dungeon)
  2994 | D:5      | Found an ornate altar of the Wu Jian Council.
  2998 | D:5      | Found a bloodstained altar of Trog.
  3031 | D:5      | Reached skill level 7 in Maces & Flails
  3031 | D:5      | Reached XP level 7. HP: 29/41 MP: 7/7
  3304 | D:5      | Found a staircase to the Ecumenical Temple.
  3314 | Temple   | Entered the Ecumenical Temple
  3463 | Temple   | Became a worshipper of Makhleb the Destroyer
  3660 | D:5      | Found a shimmering blue altar of Sif Muna.
  3981 | D:6      | Reached skill level 8 in Maces & Flails
  4354 | D:6      | Reached skill level 9 in Maces & Flails
  4354 | D:6      | Reached XP level 8. HP: 46/46 MP: 8/8
  4762 | D:7      | Reached skill level 10 in Maces & Flails
  4776 | D:7      | Reached * piety under Makhleb
  5002 | D:7      | Found a radiant altar of Vehumet.
  5043 | D:7      | Got a masterwork chain mail
  5052 | D:7      | Identified the +0 chain mail "Xemner" {Harm rF- Str+3} (You
                  | found it on level 7 of the Dungeon)
  5469 | D:8      | Noticed Erica
  5477 | D:7      | Reached skill level 11 in Maces & Flails
  5711 | D:7      | Killed Erica
  5712 | D:7      | Reached skill level 12 in Maces & Flails
  5712 | D:7      | Reached XP level 9. HP: 49/51 MP: 9/9
  5818 | D:8      | Noticed Harold
  5988 | D:8      | Killed Harold
  5989 | D:8      | Reached skill level 13 in Maces & Flails
  6130 | D:8      | Noticed Maggie
  6151 | D:8      | Slain by Maggie

Illustrated notes

Levels and vault maps discovered:
D:1:      eino_arrival_cavern_c, layout_basic, minmay_misc_feat_alley
D:2:      layout_rooms, chequers_mini_garden
D:3:      layout_rooms
D:4:      layout_basic, lemuel_round_altar, overflow_temple_1_default,
          uniq_blork_the_orc
D:5:      layout_basic, tgw_sif, minitemple,
          minmay_temple_entry_statues_fountains, basic_altar
D:6:      kennysheep_big_flooded_room, layout_basic
D:7:      nicolae_whirlpool, layout_rooms, kennysheep_mini_moat
D:8:      layout_cave_pools, st_stairs_8, minmay_misc_feat_chi, uniq_maggie,
          uniq_harold, uniq_erica
Temple:   nicolae_temple_elliptical

Skill      XL: |  1  2  3  4  5  6  7  8  9 |
---------------+----------------------------+-----
Maces & Flails | 3 4 5 6 7 9 12 13 | 13.1
Fighting       | |  3.2
Armour         | |  3.2
Shields        | |  3.2

Action                   |  1- 3 |  4- 6 |  7- 9 || total
-------------------------+-------+-------+-------++-------
Melee: Flail             |   166 |   122 |   183 ||   471
  Use: Scroll            |       |     6 |     1 ||     7
       Potion            |       |       |     4 ||     4
Armor: Scale mail        |   102 |    36 |       ||   138
       Robe              |       |    12 |   123 ||   135
Dodge: Dodged            |    72 |    50 |    78 ||   200
Block: Kite shield       |   108 |    46 |   108 ||   262
